 Dungeon Crawl Stone Soup version 0.31.0-9-g3a7656b989 (webtiles) character file.

Game seed: 3607561907265825032

361 qw the Skirmisher (level 6, 0/33 (35) HPs)
             Began as a Deep Elf Hunter on Feb 2, 2024.
             Slain by a shadow imp (4 damage)
             ... in a sewer.
             The game lasted 00:00:10 (2238 turns).

qw the Skirmisher (Deep Elf Hunter)                 Turns: 2238, Time: 00:00:10

HP:   0/33 (35)     AC:  5    Str: 10    XL:     6   Next: 38%
MP:   8/8           EV: 13    Int: 14    God:
Gold: 156           SH:  0    Dex: 18    Spells: 5/5 levels left

rFire   + . .        a - +0 shortbow
rCold   . . .        (shield currently unavailable)
rNeg    . . .        c - +0 leather armour
rPois   .            e - +1 helmet
rElec   .            (no cloak)
rCorr   .            (no gloves)
SInv    .            (no boots)
Will    .....        g - amulet of faith
Stlth   ++           o - ring of protection from fire
HPRegen 0.25/turn    (no ring)
MPRegen 0.11/turn

%: faith
@: drained
A: no striking features
a: no special abilities


You were in a sewer.
You visited 1 branch of the dungeon, and saw 3 of its levels.
You also visited: Sewer.

You collected 156 gold pieces.


   Skills:
 - Level 2.3 Fighting
 + Level 9.3 Ranged Weapons
 - Level 3.5 Dodging
 - Level 1.2 Stealth


You had 5 spell levels left.
You didn't know any spells.
Your spell library was empty.

Inventory:

Hand Weapons
 a - a +0 shortbow (weapon)
Armour
 c - a +0 leather armour (worn)
 e - a +1 helmet (worn)
Jewellery
 g - an amulet of faith (around neck)
 o - a ring of protection from fire (left hand)
Wands
 m - a wand of roots (8)
Potions
 b - a potion of invisibility {unknown}
 f - a potion of enlightenment {unknown}
 h - 4 potions of might {unknown}
 i - a potion of berserk rage {unknown}
 j - a potion of brilliance {unknown}
 k - a potion of curing
 l - a potion of attraction {unknown}
 p - a potion of degeneration {unknown}

Dungeon Overview and Level Annotations

Branches:
Dungeon (3/15)              Sewer (1/1)

Altars:
Ashenzari
Cheibriados
Gozag
Kikubaaqudgha
Makhleb
Qazlal
Ru


Message History

You shoot an arrow. The arrow barely misses the necrophage.
The necrophage completely misses you. The shadow imp barely misses you.
You shoot an arrow. The arrow hits the necrophage.
The necrophage is heavily damaged.
The necrophage barely misses you. The shadow imp misses you.
You shoot an arrow.
The arrow hits the necrophage but does no damage.
The necrophage is heavily damaged.
The necrophage misses you. The shadow imp hits you.
You shoot an arrow. The arrow hits the necrophage!
The necrophage is severely damaged.
The necrophage hits you. The shadow imp gestures at you.
Pain shoots through your body!
You shoot an arrow. The arrow barely misses the necrophage.
The necrophage misses you.
You shoot an arrow.
The arrow hits the necrophage but does no damage.
The necrophage is severely damaged.
The shadow imp hits you but does no damage.
The necrophage barely misses you.
You shoot an arrow. The arrow hits the necrophage!
The necrophage is almost destroyed.
The shadow imp barely misses you. The shadow imp spits at you.
The necrophage misses you.
You shoot an arrow.
The arrow closely misses the necrophage.
The shadow imp closely misses you. The necrophage hits you.
You feel drained.
You shoot an arrow. The arrow barely misses the necrophage.
The shadow imp grins evilly.
The shadow imp barely misses you. The necrophage hits you.
You feel drained.
You shoot an arrow. The arrow hits the necrophage.
You destroy the necrophage!
The shadow imp misses you.
Your Fighting skill increases to level 2!
You shoot an arrow. The arrow hits the shadow imp.
The shadow imp is almost dead.
The shadow imp hits you.
You die...

~.#.~~~~ ~~.#.)~~~
##+++###~~.#..~~~
########.....##~).#...~~
~~~~~~#...}..###.####.##
......'.}..)..#...#~~.).
......'..._.}.)...~~~~..
......'5}.....#...#~~...
#@..}..###.####.#~
##.....##~~.#...~.
##'''###~..#..~~~
#~..%~##~~.#.~~~~
#~...~##~~.#.~~~~
#~...~##~~)#.~~~~
#~...~##~~.'..~~~
#~...~###~#######
#~...~##~~~~~~~~~


You could see a shadow imp.

Vanquished Creatures
  A kobold brigand (Sewer)
  2 necrophages (Sewer)
  2 jellies (D:2)
  2 adders (D:2)
  2 ufetubi (Sewer)
  2 dart slugs
  10 endoplasms
  A giant cockroach (D:3)
  6 goblins
  5 hobgoblins
  6 jackals
  18 kobolds
  3 quokkas
  A ball python (D:3)
  2 bats
  8 frilled lizards
  2 kobold zombies (Sewer)
  7 rats
80 creatures vanquished.

Notes
Turn   | Place    | Note
-------+----------+-------------------------------------------
     0 | D:1      | qw the Deep Elf Hunter began the quest for the Orb.
     0 | D:1      | Reached XP level 1. HP: 12/12 MP: 3/3
     0 | D:1      | 0 ||| qw: Version: 0.3-a-155-g5e7d8dd
     0 | D:1      | 0 ||| qw: Game counter: 1405
     0 | D:1      | 0 ||| qw: Melee chars always use a shield: true
     0 | D:1      | 0 ||| qw: God list: Okawaru
     0 | D:1      | 0 ||| qw: Allow faded altars: false
     0 | D:1      | 0 ||| qw: Do Orc after clearing Dungeon:15 true
     0 | D:1      | 0 ||| qw: Do second Lair branch before Depths: true
     0 | D:1      | 0 ||| qw: Lair rune preference: random
     0 | D:1      | 0 ||| qw: Goals: Normal
     0 | D:1      | 0 ||| PLANNING D:1-11
   124 | D:1      | Reached XP level 2. HP: 16/16 MP: 4/4
   127 | D:1      | Reached skill level 6 in Ranged Weapons
   334 | D:1      | 334 ||| UPGRADING to +0 helmet.
   339 | D:1      | 339 ||| UPGRADING to amulet of faith.
   344 | D:1      | 344 ||| READING scroll labelled NASICK IPLEMP.
   345 | D:1      | 345 ||| READING scroll labelled DAGIPN QUKHLEN.
   346 | D:1      | 346 ||| READING scroll labelled ZYPEUGR OLANET.
   346 | D:1      | 346 ||| IDENTIFYING metallic brown potion
   347 | D:1      | 347 ||| READING scroll labelled SIZODU TI ANA.
   348 | D:1      | 348 ||| DROPPING scroll of butterflies.
   349 | D:1      | 349 ||| DROPPING potion of lignification.
   529 | D:2      | Reached XP level 3. HP: 20/20 MP: 5/5
   654 | D:2      | Found a faded altar of an unknown god.
   907 | D:2      | Reached skill level 7 in Ranged Weapons
   918 | D:2      | Reached XP level 4. HP: 25/25 MP: 6/6
   927 | D:2      | Found a sacrificial altar of Ru.
   927 | D:2      | Found a stormy altar of Qazlal.
   927 | D:2      | Found an opulent altar of Gozag.
   927 | D:2      | Found a burning altar of Makhleb.
   927 | D:2      | Found a broken altar of Ashenzari.
   927 | D:2      | Found an ancient bone altar of Kikubaaqudgha.
   940 | D:2      | Reached skill level 8 in Ranged Weapons
  1235 | D:2      | Found a snail-covered altar of Cheibriados.
  1262 | D:2      | Reached XP level 5. HP: 21/29 MP: 7/7
  1280 | D:2      | 1280 ||| FLEEEEING.
  1282 | D:2      | 1282 ||| FLEEEEING.
  1283 | D:2      | 1283 ||| FLEEEEING.
  1284 | D:2      | 1284 ||| FLEEEEING.
  1285 | D:2      | 1285 ||| FLEEEEING.
  1286 | D:2      | 1286 ||| FLEEEEING.
  1287 | D:2      | 1287 ||| FLEEEEING.
  1288 | D:2      | 1288 ||| FLEEEEING.
  1289 | D:2      | 1289 ||| FLEEEEING.
  1290 | D:2      | 1290 ||| FLEEEEING.
  1291 | D:2      | 1291 ||| FLEEEEING.
  1292 | D:2      | 1292 ||| FLEEEEING.
  1294 | D:2      | 1294 ||| FLEEEEING.
  1295 | D:2      | 1295 ||| FLEEEEING.
  1296 | D:2      | 1296 ||| FLEEEEING.
  1297 | D:2      | 1297 ||| FLEEEEING.
  1298 | D:2      | 1298 ||| FLEEEEING.
  1299 | D:2      | 1299 ||| FLEEEEING.
  1300 | D:2      | 1300 ||| FLEEEEING.
  1301 | D:2      | 1301 ||| FLEEEEING.
  1302 | D:2      | 1302 ||| FLEEEEING.
  1303 | D:2      | 1303 ||| FLEEEEING.
  1304 | D:2      | 1304 ||| FLEEEEING.
  1305 | D:2      | 1305 ||| FLEEEEING.
  1306 | D:2      | 1306 ||| FLEEEEING.
  1307 | D:2      | 1307 ||| FLEEEEING.
  1308 | D:2      | 1308 ||| FLEEEEING.
  1309 | D:2      | 1309 ||| FLEEEEING.
  1310 | D:2      | 1310 ||| FLEEEEING.
  1313 | D:2      | 1313 ||| STAIRDANCE
  1329 | D:1      | 1329 ||| UPGRADING to ring of protection from fire.
  1330 | D:1      | 1330 ||| READING scroll labelled SYLAOQUEQA.
  1331 | D:1      | 1331 ||| READING scroll labelled CYACIHADOT.
  1485 | D:2      | 1485 ||| DRINKING 2 inky potions.
  1502 | D:3      | 1502 ||| PLANNING SEWER
  1876 | D:3      | Found a glowing drain.
  1877 | D:3      | 1877 ||| READING scroll of identify.
  1877 | D:3      | 1877 ||| IDENTIFYING silvery potion
  1878 | D:3      | 1878 ||| READING scroll labelled VEIL IR BUMOIM.
  1879 | D:3      | 1879 ||| READING scroll labelled JOUHU ZAACI.
  1879 | D:3      | 1879 ||| ENCHANTING +0 helmet.
  1880 | D:3      | 1880 ||| DRINKING 2 golden potions.
  1881 | D:3      | 1881 ||| DROPPING potion of magic.
  1885 | Sewer    | Entered a sewer
  2053 | Sewer    | Found an ancient bone altar of Kikubaaqudgha.
  2060 | Sewer    | HP: 5/29 [asphyx]
  2061 | Sewer    | 2061 ||| DRINKING potion of heal wounds.
  2066 | Sewer    | HP: 1/29 [kobold brigand/+0 short sword (9)]
  2068 | Sewer    | Reached skill level 9 in Ranged Weapons
  2195 | Sewer    | Reached skill level 3 in Dodging
  2195 | Sewer    | Reached XP level 6. HP: 34/34 MP: 8/8
  2231 | Sewer    | HP: 6/32 [shadow imp/nerve-wracking pain (10)]
  2236 | Sewer    | HP: 3/30 [necrophage (1)]
  2238 | Sewer    | Slain by a shadow imp

Levels and vault maps discovered:
D:1:      psy_arrival_basics, layout_basic
D:2:      cheibrodos_fertilizer, layout_basic, basic_altar,
          hellmonk_ecumenical_altar_heavens_door, minmay_lizard_pond
D:3:      layout_basic, gup_sewer_entry_bowl
Sewer:    kennysheep_sewer_church

Skill      XL: |  1  2  3  4  5  6 |
---------------+-------------------+-----
Ranged Weapons | 6 7 8 9 |  9.3
Dodging        | 3 |  3.5
Fighting       | 2 |  2.3
Stealth        | |  1.2

Action                     |  1- 3 |  4- 6 || total
---------------------------+-------+-------++-------
   Fire: Shortbow          |    89 |   135 ||   224
    Use: Scroll            |     4 |     5 ||     9
         Potion            |       |     3 ||     3
 Armour: Leather armour    |    17 |    38 ||    55
  Dodge: Dodged            |    12 |    54 ||    66

Table legend:
 A = Non-vault XP
 B = Vault XP
 C = Vault XP percentage of total XP
 D = Non-vault monster count
 E = Vault monster count
 F = Vault count percentage of total count
                 A         B        C        D         E       F
            +---------+---------+-------+---------+---------+-------
      Total |      98 |     418 |  81.0 |      42 |      38 |  47.5
            +---------+---------+-------+---------+---------+-------
        D:1 |      28 |       0 |   0.0 |      17 |       0 |   0.0
        D:2 |      59 |     120 |  67.0 |      19 |      21 |  52.5
        D:3 |      11 |       4 |  26.7 |       6 |       3 |  33.3
      Sewer |       0 |     294 | 100.0 |       0 |      14 | 100.0
            +---------+---------+-------+---------+---------+-------
